3AAA
HIALEAH DODOS @ SIOUX FALLS RED PANDAS
07/13/2031
 
TOP OF THE 1ST
Hialeah Dodos batting - Pitching for Sioux Falls Red Pandas : RHP Godfrey Verbiest
Pitching: RHP Godfrey Verbiest
Batting: RHB Owen Cannon 0-0: Ball
1-0: Fly out, F7 (Flyball, 7)
Batting: RHB Andrew Crosby 0-0: Called Strike
0-1: Ground out U3 (Groundball, 34)
Batting: LHB Raúl Aguirre 0-0: Called Strike
0-1: Foul Ball, location: 2F
0-2: Ball
1-2: Strikes out swinging
Top of the 1st over - 0 runs, 0 hits, 0 errors, 0 left on base; Hialeah 0 - Sioux Falls 0
BOTTOM OF THE 1ST
Sioux Falls Red Pandas batting - Pitching for Hialeah Dodos : RHP Kenshin Koike
Pitching: RHP Kenshin Koike
Batting: LHB Mike Hanson 0-0: Foul Ball, location: 2F
0-1: Ball
1-1: Ball
2-1: Ball
3-1: Called Strike
3-2: Base on Balls
Batting: LHB Pedro Gutiérrez 0-0: Ball
1-0: Fly out, F9 (Flyball, 9S)
Batting: RHB Pancho Salaedo 0-0: Ball
1-0: Ball
2-0: Swinging Strike
2-1: Called Strike
2-2: Strikes out swinging
Batting: RHB Vito Middendorf 0-0: Ball
1-0: Called Strike
1-1: Ground out 4-3 (Groundball, 4)
Bottom of the 1st over - 0 runs, 0 hits, 0 errors, 1 left on base; Hialeah 0 - Sioux Falls 0
TOP OF THE 2ND
Hialeah Dodos batting - Pitching for Sioux Falls Red Pandas : RHP Godfrey Verbiest
Batting: LHB Jaime Aguilar 0-0: SINGLE (Line Drive, 4MD)
Batting: RHB Curt Kenney 0-0: Called Strike
0-1: Ball
1-1: Ball
2-1: SINGLE (Groundball, 3D)
Jaime Aguilar to second
Runner from 2nd tries for 3rd, SAFE, no throw
Batting: RHB Stephen McManus 0-0: Ball
1-0: SINGLE (Line Drive, 7S)
Jaime Aguilar scores
Curt Kenney to second
Batting: LHB Curt Wilson 0-0: Ball
1-0: Ball
2-0: Called Strike
2-1: SINGLE (Line Drive, 3)
Curt Kenney to third
Stephen McManus to second
Runner from 3rd tries for Home, SAFE, no throw
Batting: RHB Clarence Weber 0-0: Called Strike
0-1: SINGLE (Groundball, 34S) (infield hit)
Stephen McManus to third
Curt Wilson to second
Batting: LHB Perry Bothof 0-0: Fly out, F7 (Flyball, 7D)
Runner from 3rd tags up, SCORES, throw made
Batting: RHB Owen Cannon 0-0: Ball
1-0: Ball
2-0: Ball
3-0: Called Strike
3-1: Base on Balls
Curt Wilson to third
Clarence Weber to second
Batting: RHB Andrew Crosby 0-0: Fly out, F8 (Flyball, 8LD)
Runner from 3rd tags up, SCORES, throw made
Batting: LHB Raúl Aguirre 0-0: Foul Ball, location: 2F
0-1: Ball
1-1: Foul Ball, location: 2F
1-2: Ball
2-2: Ball
3-2: Base on Balls
Clarence Weber to third
Owen Cannon to second
Batting: LHB Jaime Aguilar 0-0: Called Strike
0-1: Called Strike
0-2: Strikes out swinging
Top of the 2nd over - 4 runs, 5 hits, 0 errors, 3 left on base; Hialeah 4 - Sioux Falls 0
BOTTOM OF THE 2ND
Sioux Falls Red Pandas batting - Pitching for Hialeah Dodos : RHP Kenshin Koike
Batting: LHB Raymond Graham 0-0: Called Strike
0-1: Swinging Strike
0-2: Ball
1-2: Foul Ball, location: 2F
1-2: Strikes out swinging
Batting: RHB Lorenzo Díaz 0-0: Ball
1-0: Ball
2-0: Swinging Strike
2-1: SINGLE (Line Drive, 4MD)
Batting: RHB Willis Kirkendall 0-0: SINGLE (Groundball, 34S) (infield hit)
Lorenzo Díaz to second
Batting: LHB Greg Robinson 0-0: Ball
1-0: Ball
2-0: Fly out, F8 (Line Drive, 8LD)
Batting: RHB Manny Alemán 0-0: Called Strike
0-1: Called Strike
0-2: Ball
1-2: Foul Ball, location: 2F
1-2: Ground out 1-3 (Groundball, 15)
Bottom of the 2nd over - 0 runs, 2 hits, 0 errors, 2 left on base; Hialeah 4 - Sioux Falls 0
TOP OF THE 3RD
Hialeah Dodos batting - Pitching for Sioux Falls Red Pandas : RHP Godfrey Verbiest
Batting: RHB Curt Kenney 0-0: Ball
1-0: Ball
2-0: Foul Ball, location: 2F
2-1: Fly out, F7 (Flyball, 7)
Batting: RHB Stephen McManus 0-0: Foul Ball, location: 2F
0-1: Ball
1-1: Ball
2-1: Called Strike
2-2: Ball
3-2: Base on Balls
Batting: LHB Curt Wilson 0-0: Foul Ball, location: 2F
0-1: Ball
1-1: Fielders Choice at 2nd, 4-6 (Groundball, 4M)
Pitching: RHP Roberto De La Cruz
Batting: RHB Clarence Weber 0-0: Foul Ball, location: 2F
0-1: Fly out, F8 (Flyball, 8LXD)
Top of the 3rd over - 0 runs, 0 hits, 0 errors, 1 left on base; Hialeah 4 - Sioux Falls 0
BOTTOM OF THE 3RD
Sioux Falls Red Pandas batting - Pitching for Hialeah Dodos : RHP Kenshin Koike
Batting: LHB Mike Hanson 0-0: Ball
1-0: Ball
2-0: Foul Ball, location: 2F
2-1: Ball
3-1: Called Strike
3-2: DOUBLE (Groundball, 3L)
Batting: LHB Pedro Gutiérrez 0-0: Called Strike
0-1: Foul Ball, location: 2F
0-2: Fly out, F9 (Flyball, 9D)
Runner from 2nd tags up, SAFE at 3rd, no throw
Batting: RHB Pancho Salaedo 0-0: Ball
1-0: Called Strike
1-1: Swinging Strike
1-2: Ground out 3-1 (Groundball, 34)
Mike Hanson scores
Batting: RHB Vito Middendorf 0-0: Called Strike
0-1: Foul Ball, location: 2F
0-2: Strikes out swinging
Bottom of the 3rd over - 1 run, 1 hit, 0 errors, 0 left on base; Hialeah 4 - Sioux Falls 1
TOP OF THE 4TH
Hialeah Dodos batting - Pitching for Sioux Falls Red Pandas : RHP Roberto De La Cruz
Batting: LHB Perry Bothof 0-0: Ball
1-0: Ball
2-0: Ball
3-0: Called Strike
3-1: Base on Balls
Batting: RHB Owen Cannon 0-0: Called Strike
0-1: Foul Ball, location: 2F
0-2: Strikes out swinging
Batting: RHB Andrew Crosby 0-0: Ball
1-0: Fly out, F8 (Flyball, 8RM)
Batting: LHB Raúl Aguirre 0-0: Foul Ball, location: 2F
0-1: Foul Ball, location: 2F
0-2: Fielders Choice at 2nd, 6-4 (Groundball, 6)
Top of the 4th over - 0 runs, 0 hits, 0 errors, 1 left on base; Hialeah 4 - Sioux Falls 1
BOTTOM OF THE 4TH
Sioux Falls Red Pandas batting - Pitching for Hialeah Dodos : RHP Kenshin Koike
Batting: LHB Raymond Graham 0-0: SINGLE (Groundball, 4MD)
Batting: RHB Lorenzo Díaz 0-0: SINGLE (Line Drive, 4M)
Raymond Graham to second
Batting: RHB Willis Kirkendall 0-0: Ball
1-0: Foul Ball, location: 2F
1-1: Foul Ball, location: 2F
1-2: Ball
2-2: Ball
3-2: Fly out, F5 (Popup, 5SF)
Batting: LHB Greg Robinson 0-0: SINGLE (Groundball, 6MD)
Raymond Graham to third
Lorenzo Díaz to second
Batting: RHB Manny Alemán 0-0: Ball
1-0: Called Strike
1-1: Ball
2-1: Ball
3-1: Base on Balls
Raymond Graham scores
Lorenzo Díaz to third
Greg Robinson to second
Batting: LHB Mike Hanson 0-0: Called Strike
0-1: Ball
1-1: SINGLE (Groundball, 4S) (infield hit)
Lorenzo Díaz scores
Greg Robinson to third
Manny Alemán to second
Batting: LHB Pedro Gutiérrez 0-0: Fly out, F7 (Flyball, 78S)
Batting: RHB Pancho Salaedo 0-0: Fly out, F8 (Flyball, 8RD)
Bottom of the 4th over - 2 runs, 4 hits, 0 errors, 3 left on base; Hialeah 4 - Sioux Falls 3
TOP OF THE 5TH
Hialeah Dodos batting - Pitching for Sioux Falls Red Pandas : RHP Roberto De La Cruz
Batting: LHB Jaime Aguilar 0-0: Ball
1-0: Ball
2-0: Foul Ball, location: 2F
2-1: Swinging Strike
2-2: Ground out 4-3 (Groundball, 4M)
Pitching: RHP Matt Harris
Batting: RHB Curt Kenney 0-0: Reached on error, E7 (Flyball, 7)
Batting: RHB Stephen McManus 0-0: Ball
1-0: Foul Ball, location: 2F
1-1: Called Strike
1-2: Ball
2-2: SINGLE (Groundball, 4MD)
Curt Kenney to second
Runner from 2nd tries for 3rd, OUT!
Stephen McManus to second
Batting: LHB Curt Wilson 0-0: Called Strike
0-1: Ball
1-1: Ball
2-1: SINGLE (Line Drive, 9S)
Stephen McManus to third
Runner from 3rd tries for Home, SAFE, no throw
Batting: RHB Clarence Weber 0-0: Called Strike
0-1: Ball
1-1: Ball
2-1: 2-RUN HOME RUN (Flyball, 7LD), Distance : 392 ft
Batting: LHB Perry Bothof 0-0: Fly out, F7 (Flyball, 7S)
Top of the 5th over - 3 runs, 3 hits, 1 error, 0 left on base; Hialeah 7 - Sioux Falls 3
BOTTOM OF THE 5TH
Sioux Falls Red Pandas batting - Pitching for Hialeah Dodos : RHP Kenshin Koike
Now at 3B: Ramón Castro
Batting: RHB Vito Middendorf 0-0: Ball
1-0: Ball
2-0: Foul Ball, location: 2F
2-1: Fly out, F5 (Flyball, 5D)
Batting: LHB Raymond Graham 0-0: Called Strike
0-1: Swinging Strike
0-2: Ground out 6-3 (Groundball, 6)
Batting: RHB Lorenzo Díaz 0-0: Called Strike
0-1: Ground out 1-3 (Groundball, 15S)
Bottom of the 5th over - 0 runs, 0 hits, 0 errors, 0 left on base; Hialeah 7 - Sioux Falls 3
TOP OF THE 6TH
Hialeah Dodos batting - Pitching for Sioux Falls Red Pandas : RHP Matt Harris
Batting: RHB Owen Cannon 0-0: Foul Ball, location: 2F
0-1: SINGLE (Groundball, 34D)
Batting: RHB Andrew Crosby 0-0: Ball
1-0: Ball
2-0: Foul Ball, location: 2F
2-1: Called Strike
2-2: Strikes out swinging
Batting: LHB Raúl Aguirre 0-0: Ball
1-0: Ball
2-0: Fielders Choice at 2nd, 3-6 (Groundball, 3)
Batting: LHB Jaime Aguilar 0-0: Ball
Raúl Aguirre steals 2nd base
1-0: Ball
2-0: Foul Ball, location: 2F
2-1: Foul Ball, location: 2F
2-2: Foul Ball, location: 2F
2-2: Foul Ball, location: 2F
2-2: Fly out, F7 (Flyball, 78M)
Top of the 6th over - 0 runs, 1 hit, 0 errors, 1 left on base; Hialeah 7 - Sioux Falls 3
BOTTOM OF THE 6TH
Sioux Falls Red Pandas batting - Pitching for Hialeah Dodos : RHP Kenshin Koike
Batting: RHB Willis Kirkendall 0-0: Ball
1-0: Ball
2-0: Ball
3-0: Called Strike
3-1: Called Strike
3-2: Fly out, F9 (Flyball, 89S)
Batting: LHB Greg Robinson 0-0: Called Strike
0-1: Swinging Strike
0-2: Strikes out swinging
Batting: RHB Manny Alemán 0-0: Called Strike
0-1: Fly out, F9 (Flyball, 9LMF)
Bottom of the 6th over - 0 runs, 0 hits, 0 errors, 0 left on base; Hialeah 7 - Sioux Falls 3
TOP OF THE 7TH
Hialeah Dodos batting - Pitching for Sioux Falls Red Pandas : RHP Matt Harris
Pitching: LHP Pedro Pacheco
Batting: LHB Ramón Castro 0-0: Ball
1-0: Swinging Strike
1-1: Ground out 4-3 (Groundball, 4MS)
Batting: RHB Stephen McManus 0-0: Called Strike
0-1: Ball
1-1: Foul Ball, location: 2F
1-2: SINGLE (Groundball, 56S) (infield hit)
Pinch Runner at 1st Robert Emmet Odlum:
Batting: LHB Curt Wilson 0-0: Ball
1-0: Called Strike
1-1: Called Strike
1-2: Strikes out swinging
Batting: RHB Clarence Weber 0-0: Ball
1-0: Fly out, F9 (Flyball, 89S)
Top of the 7th over - 0 runs, 1 hit, 0 errors, 1 left on base; Hialeah 7 - Sioux Falls 3
BOTTOM OF THE 7TH
Sioux Falls Red Pandas batting - Pitching for Hialeah Dodos : RHP Kenshin Koike
Now at 2B: Robert Emmet Odlum
Batting: LHB Mike Hanson 0-0: Foul Ball, location: 2F
Error on foul ball, E9
0-2: Ball
1-2: Foul Ball, location: 2F
1-2: DOUBLE (Line Drive, 9LM)
Batting: LHB Pedro Gutiérrez 0-0: Ball
1-0: Ball
2-0: Ball
3-0: Called Strike
3-1: DOUBLE (Line Drive, 9LS)
Mike Hanson scores
Batting: RHB Pancho Salaedo 0-0: Fly out, F8 (Flyball, 8RXD)
Runner from 2nd tags up, SAFE at 3rd, no throw
Batting: RHB Vito Middendorf 0-0: SINGLE (Groundball, 34D)
Pedro Gutiérrez scores
Batting: LHB Raymond Graham 0-0: Ball
1-0: Foul Ball, location: 2F
1-1: Ball
2-1: Called Strike
Vito Middendorf steals 2nd base
2-2: DOUBLE (Line Drive, 78M)
Vito Middendorf scores
Pitching: RHP Jorge Ballesteros
Batting: RHB Lorenzo Díaz 0-0: Ball
1-0: Ball
2-0: TRIPLE (Flyball, 9D)
Raymond Graham scores
Batting: RHB Willis Kirkendall 0-0: Ball
1-0: Ball
2-0: Called Strike
2-1: Swinging Strike
2-2: Strikes out looking
Batting: LHB Greg Robinson 0-0: Called Strike
0-1: Ball
1-1: Ball
2-1: Foul Ball, location: 2F
2-2: Foul Ball, location: 2F
2-2: Fly out, F6 (Popup, 6D)
Bottom of the 7th over - 4 runs, 5 hits, 1 error, 1 left on base; Hialeah 7 - Sioux Falls 7
TOP OF THE 8TH
Hialeah Dodos batting - Pitching for Sioux Falls Red Pandas : LHP Pedro Pacheco
Batting: LHB Perry Bothof 0-0: Called Strike
0-1: Swinging Strike
0-2: Foul Ball, location: 2F
0-2: Ball
1-2: SINGLE (Groundball, 3D)
Batting: RHB Owen Cannon 0-0: Ball
1-0: Ball
2-0: Ball
3-0: Called Strike
3-1: Foul Ball, location: 2F
3-2: Foul Ball, location: 2F
3-2: Foul Ball, location: 2F
3-2: Fly out, F8 (Flyball, 8RD)
Batting: RHB Andrew Crosby 0-0: Called Strike
0-1: Ball
1-1: Swinging Strike
1-2: Strikes out swinging
Pitching: RHP Mike Chambers
Batting: LHB Raúl Aguirre 0-0: Ball
1-0: Foul Ball, location: 2F
1-1: Ball
2-1: Fly out, F9 (Flyball, 9)
Top of the 8th over - 0 runs, 1 hit, 0 errors, 1 left on base; Hialeah 7 - Sioux Falls 7
BOTTOM OF THE 8TH
Sioux Falls Red Pandas batting - Pitching for Hialeah Dodos : RHP Jorge Ballesteros
Batting: RHB Manny Alemán 0-0: Foul Ball, location: 2F
0-1: Ball
1-1: Fly out, F8 (Line Drive, 8LD)
Batting: LHB Mike Hanson 0-0: Called Strike
0-1: Ball
1-1: Swinging Strike
1-2: Ball
2-2: Strikes out swinging
Pitching: LHP Aurelio Ornelas
Pinch Hitting: RHB Ju-chan Pak 0-0: Foul Ball, location: 2F
0-1: Ball
1-1: Swinging Strike
1-2: Strikes out swinging
Bottom of the 8th over - 0 runs, 0 hits, 0 errors, 0 left on base; Hialeah 7 - Sioux Falls 7
TOP OF THE 9TH
Hialeah Dodos batting - Pitching for Sioux Falls Red Pandas : RHP Mike Chambers
Now in LF: José Cruz
Batting: LHB Jaime Aguilar 0-0: Called Strike
0-1: Ball
1-1: Ball
2-1: Ball
3-1: Base on Balls
Batting: LHB Ramón Castro 0-0: Ball
1-0: Foul Ball, location: 2F
1-1: Fly out, F9 (Flyball, 89M)
Batting: RHB Robert Emmet Odlum 0-0: Called Strike
0-1: Ball
1-1: Foul Ball, location: 2F
1-2: Ball
2-2: Ball
Wild Pitch!
Jaime Aguilar to second
3-2: Strikes out swinging
Batting: LHB Curt Wilson 0-0: Ball
1-0: Ball
2-0: Ball
3-0: Called Strike
3-1: Base on Balls
Batting: RHB Clarence Weber 0-0: Called Strike
0-1: Ball
1-1: Ball
2-1: Ball
3-1: Base on Balls
Jaime Aguilar to third
Curt Wilson to second
Batting: LHB Perry Bothof 0-0: Ball
1-0: Called Strike
1-1: Ball
2-1: Called Strike
2-2: Foul Ball, location: 2F
2-2: SINGLE (Groundball, 4MD)
Jaime Aguilar scores
Curt Wilson to third
Clarence Weber to second
Runner from 3rd tries for Home, SAFE, throw made home
Batting: RHB Owen Cannon 0-0: Called Strike
0-1: Foul Ball, location: 2F
0-2: Ground out 1-3 (Groundball, 15S)
Top of the 9th over - 2 runs, 1 hit, 0 errors, 2 left on base; Hialeah 9 - Sioux Falls 7
BOTTOM OF THE 9TH
Sioux Falls Red Pandas batting - Pitching for Hialeah Dodos : LHP Aurelio Ornelas
Pitching: RHP Olegário Pa
Batting: RHB Pancho Salaedo 0-0: Called Strike
0-1: Ball
1-1: Swinging Strike
1-2: Foul Ball, location: 2F
1-2: Foul Ball, location: 2F
1-2: Ball
2-2: DOUBLE (Flyball, 8RXD)
Batting: RHB Vito Middendorf 0-0: Single, Error in OF, E8, batter to second base
Pancho Salaedo scores
Batting: LHB Raymond Graham 0-0: Fly out, F8 (Flyball, 8LD)
Batting: RHB Lorenzo Díaz 0-0: Called Strike
0-1: Ball
1-1: Ball
2-1: Swinging Strike
2-2: Foul Ball, location: 2F
2-2: Ball
3-2: Strikes out swinging
Batting: RHB Willis Kirkendall 0-0: Called Strike
0-1: Ball
1-1: Ball
2-1: Fly out, F9 (Flyball, 9LS)
Bottom of the 9th over - 1 run, 2 hits, 1 error, 1 left on base; Hialeah 9 - Sioux Falls 8
Tuesday, June 12th, 2018 - OOTP Baseball 18.8 Build 76